 Dungeon Crawl Stone Soup version 0.22-a0-192-g6ffc940 (webtiles) character file.

375 Amnesiac the Digger (level 6, 0/41 HPs)
             Began as a Mummy Earth Elementalist on Feb 16, 2018.
             Was an Initiate of Ashenzari.
             Killed by miscasting Petrify (17 damage)
             ... on level 2 of the Dungeon.
             The game lasted 00:09:46 (4244 turns).

Amnesiac the Digger (Mummy Earth Elementalist)      Turns: 4244, Time: 00:09:46

Health: 0/41       AC:  4    Str: 11    XL:     6   Next: 44%
Magic:  0/22       EV: 12    Int: 16    God:    Ashenzari [......]
Gold:   106        SH:  0    Dex: 13    Spells: 2/15 levels left

rFire    x . .     SeeInvis .   p - +0 dagger (curse)
rCold    + . .     Gourm    .   (no shield)
rNeg     + + +     Faith    .   c - +0 robe
rPois    ∞         Spirit   .   f - +0 helmet
rElec    .         Reflect  .   e - +0 cloak
rCorr    .         Harm     .   (no gloves)
MR       .....                  (no boots)
Stlth    ++........             (no amulet)
HPRegen  0.13/turn              l - ring of poison resistance
MPRegen  0.18/turn              o - ring of magical power

@: slightly contaminated
A: no food or potions, fire vulnerability, cold resistance 1, negative energy
resistance 3, torment resistance, unbreathing
a: Curse Item, Renounce Religion


You were on level 2 of the Dungeon.
You worshipped Ashenzari.
Ashenzari was noncommittal.
You were not hungry.

You visited 2 branches of the dungeon, and saw 5 of its levels.

You collected 106 gold pieces.

Inventory:

Hand Weapons
 p - a cursed +0 dagger (weapon)
Armour
 c - a +0 robe (worn)
 e - a +0 cloak (worn)
 f - a +0 helmet (worn)
Jewellery
 l - a ring of poison resistance (left hand)
 o - a ring of magical power (right hand)
Wands
 k - a wand of digging (12)
Scrolls
 a - 3 scrolls of remove curse {!r}
 g - a scroll of teleportation {!r, unknown}
 h - 2 scrolls of magic mapping {!r, unknown}
 i - 6 scrolls of identify {!r, unknown}
 n - a scroll of fog {!r, unknown}
Books
 d - a book of Geomancy

   Spells                             Type                      Level
   a - Sandblast                      Earth                        1
   b - Passwall                       Transmutation/Earth          2
   c - Stone Arrow                    Conjuration/Earth            3
   d - Petrify                        Transmutation/Earth          4
   e - Lee's Rapid Deconstruction     Earth                        5
 j - a book of Misfortune

   Spells                             Type                      Level
   a - Confusing Touch                Hexes                        1
   b - Confuse                        Hexes                        3
   c - Gell's Gravitas                Translocation                3
   d - Petrify                        Transmutation/Earth          4
   e - Metabolic Englaciation         Hexes/Ice                    5
   f - Yara's Violent Unravelling     Hexes/Transmutation          5


   Skills:
 + Level 0.0 Short Blades
 - Level 1.5 Dodging
 - Level 1.5 Stealth
 - Level 5.1 Spellcasting
 - Level 0.7 Transmutations
 - Level 5.2 Earth Magic


You had 2 spell levels left.
You knew the following spells:

 Your Spells              Type           Power        Failure   Level  Hunger
a - Sandblast             Erth           ###...       1%          1    N/A
b - Passwall              Tmut/Erth      ##........   7%          2    N/A
d - Lee's Rapid Deconstr  Erth           ###.......   43%         5    N/A
e - Petrify               Tmut/Erth      ##......     41%         4    N/A
z - Confusing Touch       Hex            #.....       16%         1    N/A

Dungeon Overview and Level Annotations

Branches:
Dungeon (4/15)             Temple (1/1) D:4

Altars:
Ashenzari
Cheibriados
Fedhas
Gozag
Hepliaklqana
Nemelex Xobeh
Qazlal
Ru
Sif Muna
Trog
Uskayaw
Vehumet

Annotations:
D:3 Sigmund


Innate Abilities, Weirdness & Mutations

You do not eat or drink.
Your flesh is vulnerable to fire.
You are immune to poison.
Your flesh is cold resistant. (rC+)
You are immune to negative energy. (rN+++)
You are immune to unholy pain and torment.
You can survive without breathing.


Message History

You puncture the scorpion!
The scorpion is heavily wounded.
The helpless scorpion fails to defend itself.
You hit the scorpion.
The scorpion is heavily wounded.
The helpless scorpion fails to defend itself.
You hit the scorpion.
The scorpion is severely wounded.
The helpless scorpion fails to defend itself.
You hit the scorpion.
The scorpion is severely wounded.
The helpless scorpion fails to defend itself.
You hit the scorpion.
The scorpion is severely wounded.
Unknown command.
Unknown command.
The helpless scorpion fails to defend itself.
You hit the scorpion.
The scorpion is severely wounded.
The scorpion is no longer petrified.
The scorpion barely misses you.
Unknown command.
Casting: Petrify (quite dangerous; 41% risk of failure)
Confirm with . or Enter, or press ? or * to list all spells.
Aiming: Sandblast (safe; 1% risk of failure)
Press: ? - help, Shift-Dir - straight line, f/p - scorpion
Aim: a scorpion (severely wounded)
You don't have any stones to cast with.
Unknown command.
Casting: Sandblast (safe; 1% risk of failure)
Confirm with . or Enter, or press ? or * to list all spells.
Aiming: Sandblast (safe; 1% risk of failure)
Press: ? - help, Shift-Dir - straight line, f/p - scorpion
Aim: a scorpion (severely wounded)
You don't have any stones to cast with.
Unknown command.
Casting: Sandblast (safe; 1% risk of failure)
Confirm with . or Enter, or press ? or * to list all spells.
Okay, then.
Unknown command.
Casting: Sandblast (safe; 1% risk of failure)
Confirm with . or Enter, or press ? or * to list all spells.
The spell is very dangerous to cast (43% risk of failure)!
Continue anyway?
Aiming: Lee's Rapid Deconstruction (very dangerous; 43% risk of failure)
Press: ? - help, Dir - move target cursor, p - scorpion You miscast Lee's Rapid Deconstruction.
Nothing appears to happen.
The scorpion stings you.
* * * LOW HITPOINT WARNING * * *
Casting: Lee's Rapid Deconstruction (very dangerous; 43% risk of failure)
Confirm with . or Enter, or press ? or * to list all spells.
The spell is very dangerous to cast (43% risk of failure)!
Continue anyway?
Aiming: Lee's Rapid Deconstruction (very dangerous; 43% risk of failure)
Press: ? - help, Dir - move target cursor You miscast Lee's Rapid Deconstruction.
You feel a surge of energy from the ground.
The scorpion barely misses you.
Casting: Lee's Rapid Deconstruction (very dangerous; 43% risk of failure)
Confirm with . or Enter, or press ? or * to list all spells.
Aiming: Petrify (quite dangerous; 41% risk of failure)
Press: ? - help, Shift-Dir - straight line, f - scorpion
Aim: a scorpion (severely wounded, chance to defeat MR: 44%)
You miscast Petrify.
You are lightly contaminated with residual magic.
You are hit by flying rocks!
You die...

......#####################...#
..............................#
......##############.######...#
......# ###..## #...# ......#
##.....# ##### ......#
#..###.###
.....###########.##.....##
.............#...#.......##
###...........).@.........#
##._.####....##s........#####
#.#.## ##..###..%......#...#
#.#..####..................#
###.##.......##..........#...#
#.....####...............#>..#
#..........###...)...>...#####
#.....####.# ###.........#
#.....# #.# #.........#


You could see a scorpion.

Vanquished Creatures
  Crazy Yiuf (D:2)
  An orc priest (D:3)
  2 orc wizards (D:3)
  A centaur skeleton (D:4)
  Jessica (D:3)
  Robin (D:3)
  3 gnolls (D:2)
  5 adders
  An ooze (D:2)
  3 worms
  4 dart slugs
  5 leopard geckos
  8 orcs
  2 ball pythons
  5 bats
  6 giant cockroaches
  12 goblins
  10 hobgoblins
  5 jackals
  5 kobolds
  2 quokkas
  8 frilled lizards
  5 rats
96 creatures vanquished.

Notes
Turn   | Place    | Note
-------+----------+-------------------------------------------
     0 | D:1      | Amnesiac the Mummy Earth Elementalist began the quest for the Orb.
     0 | D:1      | Reached XP level 1. HP: 13/13 MP: 4/4
   364 | D:1      | Reached XP level 2. HP: 18/19 MP: 3/5
   562 | D:2      | Found a snail-covered altar of Cheibriados.
   579 | D:2      | Found a bloodstained altar of Trog.
   581 | D:2      | Reached XP level 3. HP: 24/24 MP: 4/7
   783 | D:3      | Reached XP level 4. HP: 24/30 MP: 7/9
  1194 | D:2      | Found a hide-covered altar of Uskayaw.
  1464 | D:3      | Learned a level 1 spell: Confusing Touch
  1467 | D:3      | Learned a level 2 spell: Passwall
  1472 | D:3      | Learned a level 4 spell: Petrify
  1641 | D:3      | Found an opulent altar of Gozag.
  1648 | D:3      | Noticed Jessica
  1651 | D:3      | Killed Jessica
  1651 | D:3      | Reached XP level 5. HP: 35/35 MP: 9/11
  2295 | D:4      | Found a staircase to the Ecumenical Temple.
  2311 | Temple   | Entered the Ecumenical Temple
  2341 | Temple   | Became a worshipper of Ashenzari the Shackled
  3387 | D:2      | Found a runed door.
  3391 | D:2      | Noticed Crazy Yiuf
  3396 | D:2      | Killed Crazy Yiuf
  3481 | D:3      | Learned a level 5 spell: Lee's Rapid Deconstruction
  3515 | D:3      | Reached XP level 6. HP: 41/41 MP: 13/13
  3549 | D:3      | Found a deep blue altar of Sif Muna.
  3584 | D:3      | Reached skill level 5 in Earth Magic
  3713 | D:3      | Reached skill level 5 in Spellcasting
  3753 | D:3      | Identified Sif Muna's Incunabulum of Poison
  3840 | D:3      | Noticed Robin
  3856 | D:3      | Killed Robin
  3963 | D:3      | Noticed Sigmund
  4244 | D:2      | Killed by miscasting Petrify

Vault maps used:
D:1:      matt_arrival_debris
D:2:      overflow_temple_1_default, bloody_trog, first_ration,
          cheibriados_altar_1, uniq_crazy_yiuf_cottage
D:3:      wad_crossroads, overflow_temple_1_default, grunt_ministairs_8,
          led_sif_book, uniq_jessica, uniq_sigmund, uniq_robin
D:4:      kennysheep_little_box, temple_green
Temple:   jpeg_temple_island

Skill      XL: |  1  2  3  4  5  6 |
---------------+-------------------+-----
Spellcasting   | 3 4 5 |  5.1
Earth Magic    | 3 4 5 |  5.2
Dodging        | |  1.5
Stealth        | |  1.5
Transmutations | |  0.7

Action                   |  1- 3 |  4- 6 || total
-------------------------+-------+-------++-------
Melee: Unarmed           |    14 |       ||    14
       Dagger            |    24 |    88 ||   112
 Fire: Hunting sling     |       |    78 ||    78
 Cast: Sandblast         |    29 |    89 ||   118
       Passwall          |       |     5 ||     5
       Lee's Rapid Decon |       |     2 ||     2
       Petrify           |       |     2 ||     2
 Stab: Sleeping          |     2 |     4 ||     6
       Petrified         |       |    10 ||    10
Armor: Robe              |     4 |    35 ||    39
Dodge: Dodged            |    23 |   134 ||   157

Table legend:
 A = Spawn XP
 B = Non-spawn XP
 C = Spawn XP percentage of total XP
 D = Spawn monster count
 E = Non-spawn monster count
 F = Spawn count percentage of total count
 G = Total turns spent on level
                    A         B        C        D         E        F      G
               +---------+---------+-------+---------+---------+-------+---------
         Total |       0 |     536 |   0.0 |       0 |      96 |   0.0 |  4244
               +---------+---------+-------+---------+---------+-------+---------
           D:1 |       0 |      63 |   0.0 |       0 |      32 |   0.0 |  1172
           D:2 |       0 |     145 |   0.0 |       0 |      26 |   0.0 |  1592
           D:3 |       0 |     285 |   0.0 |       0 |      35 |   0.0 |  1344
           D:4 |       0 |      43 |   0.0 |       0 |       3 |   0.0 |    80
               +---------+---------+-------+---------+---------+-------+---------
